 Dungeon Crawl Stone Soup version 0.23-a0-49-gd9f7a49668 (webtiles) character file.

1281 Nilun the Thaumaturge (level 8, -3/56 HPs)
             Began as a Mummy Necromancer on Aug 6, 2018.
             Was an Initiate of Kikubaaqudgha.
             Slain by a bullfrog (5 damage)
             ... on level 7 of the Dungeon.
             The game lasted 00:25:37 (7868 turns).

Nilun the Thaumaturge (Mummy Necromancer)           Turns: 7868, Time: 00:25:37

Health: -3/56      AC:  2    Str: 13    XL:     8   Next: 29%
Magic:  14/20      EV: 13    Int: 16    God:    Kikubaaqudgha [......]
Gold:   248        SH:  0    Dex: 13    Spells: 13/23 levels left

rFire    x . .     SeeInvis .   n - staff of wizardry
rCold    + + .     Gourm    .   (no shield)
rNeg     + + +     Faith    .   a - +0 robe
rPois    ∞         Spirit   .   (no helmet)
rElec    .         Reflect  .   h - scarf {repulsion}
rCorr    .         Harm     .   (no gloves)
MR       +....                  (no boots)
Stlth    ++........             i - amulet of rage
HPRegen  0.18/turn              g - ring of protection from cold
MPRegen  0.17/turn              u - +2 ring of strength

@: repel missiles
A: no food or potions, fire vulnerability, cold resistance 1, negative energy
resistance 3, torment resistance, unbreathing
a: Renounce Religion


You were on level 7 of the Dungeon.
You worshipped Kikubaaqudgha.
Kikubaaqudgha was noncommittal.
You were not hungry.

You visited 2 branches of the dungeon, and saw 8 of its levels.
You also visited: Bailey.

You collected 248 gold pieces.

Inventory:

Hand Weapons
 c - a +2 short sword of venom
Armour
 a - a +0 robe (worn)
 h - a scarf of repulsion (worn)
 j - a +0 pair of gloves (quivered)
Magical Staves
 n - an uncursed staff of wizardry (weapon)
 o - an uncursed staff of cold
Jewellery
 g - a ring of protection from cold (left hand)
 i - an amulet of rage (around neck)
 p - an uncursed ring of positive energy
 u - a +2 ring of strength (right hand)
 v - an uncursed ring of attention
Wands
 t - a wand of polymorph (15)
Scrolls
 b - 2 scrolls of random uselessness
 d - 6 scrolls of teleportation
 e - 9 scrolls of identify
 f - a scroll of noise
 k - 3 scrolls of enchant weapon
 l - a scroll of remove curse
 m - a scroll of fear {unknown}
 q - a scroll of immolation {unknown}
 r - 2 scrolls of fog {unknown}
 s - 2 scrolls of magic mapping {unknown}


   Skills:
 + Level 2.1 Fighting
 + Level 0.1 Short Blades
 + Level 1.3 Staves
 + Level 2.4 Dodging
 + Level 2.0 Stealth
 + Level 8.1 Spellcasting
 + Level 1.0 Conjurations
 + Level 7.2 Necromancy
 + Level 1.0 Air Magic


You had 13 spell levels left.
You knew the following spells:

 Your Spells              Type           Power        Failure   Level  Hunger
a - Pain                  Necr           ####         1%          1    N/A
b - Animate Skeleton      Necr           N/A          1%          1    N/A
c - Vampiric Draining     Necr           ####......   1%          3    N/A
d - Animate Dead          Necr           N/A          2%          4    N/A
e - Shock                 Conj/Air       #...         3%          1    N/A

Your spell library contained the following spells:

 Spells                   Type           Power        Failure   Level  Hunger
 Magic Dart               Conj           #...         3%          1    N/A
 Lightning Bolt           Conj/Air       #.........   58%         5    N/A
 Confuse                  Hex            #.......     13%         3    N/A
 Iskenderun's Mystic Bla  Conj           #.......     28%         4    N/A
 Regeneration             Chrm/Necr      ###.......   3%          3    N/A
 Swiftness                Chrm/Air       #.......     6%          2    N/A
 Airstrike                Air            #.........   26%         4    N/A
 Confusing Touch          Hex            #.....       4%          1    N/A
 Metabolic Englaciation   Hex/Ice        #.........   73%         5    N/A
 Static Discharge         Conj/Air       #.......     9%          3    N/A
 Petrify                  Tmut/Erth      #.......     38%         4    N/A
 Fulminant Prism          Conj/Hex       #.........   32%         4    N/A
 Dazzling Spray           Conj/Hex       #.....       11%         3    N/A
 Force Lance              Conj/Tloc      #.......     32%         4    N/A
 Searing Ray              Conj           #.....       4%          2    N/A
 Gell's Gravitas          Tloc           #.........   13%         3    N/A
 Yara's Violent Unravell  Hex/Tmut       #.........   73%         5    N/A

Dungeon Overview and Level Annotations

Branches:
Dungeon (7/15)             Temple (1/1) D:6

Altars:
Ashenzari
Cheibriados
Dithmenos
Fedhas
Gozag
Kikubaaqudgha
Makhleb
Okawaru
Qazlal
Sif Muna
Uskayaw
Vehumet
Xom
Yredelemnul
The Shining One

Shops:
D:4 (   D:5 =

Annotations:
D:5 3 runed doors, Tinylith's ghost, amateur KoBe
D:6 exclusion: statue


Innate Abilities, Weirdness & Mutations

You do not eat or drink.
Your flesh is vulnerable to fire.
You are immune to poison.
Your flesh is cold resistant. (rC+)
You are immune to negative energy. (rN+++)
You are immune to unholy pain and torment.
You can survive without breathing.


Message History

Welcome back to the Dungeon!
The fire elemental disappears in a puff of smoke!
The bullfrog closely misses you. x2; The black bear bites you.
The black bear claws you. x2; The bullfrog barely misses you.
There is an empty arch of ancient stone here.
The deep elf mage hits you with an enchanted dagger.
* * * LOW HITPOINT WARNING * * *
The orc priest shouts!
The deep elf mage hits you but does no damage.
The black bear bites you!
* * * LOW HITPOINT WARNING * * *
The black bear claws you.
* * * LOW HITPOINT WARNING * * *
The black bear closely misses you.
The orc priest looks braver for a moment.
The bullfrog misses you.
The deep elf mage gestures wildly while chanting.
The deep elf mage blinks!
The bullfrog hits you.
You die...
Kikubaaqudgha rasps: "You have failed me!
Welcome... oblivion!"

#......(# ###.......#
#.........# #..).....(#
#...#.)F).....#
##...#e.)......#
##....#..h....o...
########.....###F#####...
..............##@# ..
..............##.#
..............##.###
...................#
########>..........#
##...$.(...)#
#.............
##############


You could see a deep elf mage, a black bear and 2 bullfrogs.

Vanquished Creatures
  A water moccasin (D:7)
  A black bear (D:7)
  An ice beast (D:5)
  An orc warrior (D:7)
  2 ogres (D:4)
  2 bullfrogs
  2 scorpions
  2 crimson imps (D:5)
  2 bullfrog skeletons (D:4)
  An iguana (D:4)
  3 worker ants
  A hound zombie (D:7)
  2 gnolls (D:3)
  10 adders
  An adder zombie (D:5)
  2 adder skeletons
  3 worms
  2 dart slugs (D:1)
  3 leopard geckos
  10 orcs
  5 bats
  7 giant cockroaches
  4 goblins
  2 hobgoblins
  5 quokkas
  4 frilled lizards
  A quokka skeleton (D:4)
  7 rats
87 creatures vanquished.

Vanquished Creatures (collateral kills)
  An ogre (D:4)
  A bullfrog skeleton (D:6)
  An adder skeleton (D:5)
  An orc (D:6)
  A hobgoblin (D:2)
5 creatures vanquished.

Grand Total: 92 creatures vanquished

Notes
Turn   | Place    | Note
-------+----------+-------------------------------------------
     0 | D:1      | Nilun the Mummy Necromancer began the quest for the Orb.
     0 | D:1      | Reached XP level 1. HP: 13/13 MP: 4/4
    66 | D:1      | Learned a level 1 spell: Animate Skeleton
   160 | D:1      | Reached XP level 2. HP: 15/19 MP: 0/5
   714 | D:1      | Reached skill level 3 in Spellcasting
  1057 | D:2      | Reached XP level 3. HP: 24/24 MP: 5/8
  1088 | D:2      | Learned a level 3 spell: Vampiric Draining
  1311 | D:2      | Noticed a phantom
  1334 | D:2      | HP: 1/24 [phantom (5)]
  2055 | D:3      | Found a deep blue altar of Sif Muna.
  2298 | D:3      | Reached skill level 4 in Spellcasting
  2298 | D:3      | Reached XP level 4. HP: 28/30 MP: 6/10
  2534 | D:3      | Noticed a bullfrog
  2546 | D:3      | Killed a bullfrog
  2546 | D:3      | Reached skill level 5 in Necromancy
  2549 | D:3      | Reached XP level 5. HP: 8/35 MP: 0/12
  2851 | D:3      | Found a shattered altar of Ashenzari.
  3327 | D:4      | Noticed an ogre
  3600 | D:4      | Learned a level 4 spell: Animate Dead
  3639 | D:4      | Reached skill level 5 in Spellcasting
  3953 | D:4      | Reached skill level 1 in Fighting
  4214 | D:4      | Reached XP level 6. HP: 28/43 MP: 4/13
  4358 | D:4      | Reached skill level 1 in Staves
  4865 | D:4      | Found a shadowy altar of Dithmenos.
  4889 | D:4      | Reached skill level 6 in Spellcasting
  4889 | D:4      | Reached XP level 7. HP: 41/49 MP: 9/16
  5180 | D:4      | Found Neghiuwa's Weapon Shop.
  5310 | D:4      | Learned a level 1 spell: Shock
  5365 | D:4      | Found an iron altar of Okawaru.
  5485 | D:5      | Entered Level 5 of the Dungeon
  6213 | D:5      | Found Safiozxa's Jewellery Shop.
  6403 | D:5      | Found a runed gate.
  6404 | D:5      | Found an opulent altar of Gozag.
  6405 | D:5      | Found a runed gate.
  6405 | D:5      | Found a runed gate.
  6405 | D:5      | Noticed Tinylith's ghost (amateur KoBe)
  6560 | D:6      | Reached skill level 7 in Spellcasting
  6609 | D:6      | Found a hide-covered altar of Uskayaw.
  6904 | D:6      | Found a radiant altar of Vehumet.
  6962 | D:6      | Found a staircase to the Ecumenical Temple.
  6970 | Temple   | Entered the Ecumenical Temple
  6993 | Temple   | Became a worshipper of Kikubaaqudgha
  7442 | D:7      | Reached skill level 1 in Air Magic
  7442 | D:7      | Reached XP level 8. HP: 34/56 MP: 6/19
  7519 | D:7      | Reached skill level 1 in Conjurations
  7616 | D:7      | Reached skill level 8 in Spellcasting
  7655 | D:7      | Found a flagged portal.
  7664 | Bailey   | Entered a bailey
  7852 | Bailey   | Noticed a deep elf mage
  7859 | Bailey   | Noticed a deep elf mage
  7860 | Bailey   | Noticed a deep elf mage
  7863 | Bailey   | Noticed a demonic crawler
  7866 | D:7      | HP: 2/56 [black bear (3)]
  7868 | D:7      | Slain by a bullfrog

Vault maps used:
D:1:      ebering_trefoil_3fold
D:3:      evilmike_ruin_ashenzari, lemuel_blue_sif_altar
D:4:      nicolae_overflow_crystal_walls, nicolae_dithmenos_the_darkroom,
          first_ration, minmay_shop_grid_forest
D:5:      cheibrodos_quashed, serial_shops, shop, ebering_ghost_gozag
D:6:      vehumet_statue, eat_drink_and_be_merry_uskayaw,
          minmay_temple_entry_junction_2
D:7:      nicolae_ru_sacrificial_ziggurat, zin_purify, marbit_many_paths,
          enter_bailey_2
Temple:   compressed_dpeg_circular_temple
Bailey:   bailey_polearm_3, bailey

Skill      XL: |  1  2  3  4  5  6  7  8 |
---------------+-------------------------+-----
Spellcasting   | 3 4 5 6 7 8 |  8.1
Necromancy     | 5 6 7 |  7.2
Fighting       | 1 2 |  2.1
Staves         | 1 |  1.3
Dodging        | 2 |  2.4
Stealth        | 2 |  2.0
Air Magic      | 1 |  1.0
Conjurations   | 1 |  1.0
Short Blades   | |  0.1

Action                   |  1- 3 |  4- 6 |  7- 9 || total
-------------------------+-------+-------+-------++-------
Melee: Short sword       |    17 |     6 |       ||    23
       Staff             |       |    41 |    35 ||    76
 Cast: Pain              |    61 |    75 |    94 ||   230
       Animate Skeleton  |    10 |     7 |       ||    17
       Vampiric Draining |       |     2 |       ||     2
       Animate Dead      |       |     2 |    10 ||    12
       Shock             |       |       |    78 ||    78
  Use: Scroll            |       |       |     6 ||     6
 Stab: Distracted        |       |       |     1 ||     1
Armor: Robe              |       |    10 |    14 ||    24
Dodge: Dodged            |    13 |    52 |    89 ||   154

Table legend:
 A = Spawn XP
 B = Non-spawn XP
 C = Spawn XP percentage of total XP
 D = Spawn monster count
 E = Non-spawn monster count
 F = Spawn count percentage of total count
 G = Total turns spent on level
                    A         B        C        D         E        F      G
               +---------+---------+-------+---------+---------+-------+---------
         Total |       0 |    1830 |   0.0 |       0 |      92 |   0.0 |  7868
               +---------+---------+-------+---------+---------+-------+---------
           D:1 |       0 |      23 |   0.0 |       0 |       9 |   0.0 |  1134
           D:2 |       0 |      54 |   0.0 |       0 |      16 |   0.0 |   903
           D:3 |       0 |     185 |   0.0 |       0 |      25 |   0.0 |  1628
           D:4 |       0 |     624 |   0.0 |       0 |      20 |   0.0 |  2064
           D:5 |       0 |     329 |   0.0 |       0 |       9 |   0.0 |   798
           D:6 |       0 |     174 |   0.0 |       0 |       7 |   0.0 |   739
           D:7 |       0 |     441 |   0.0 |       0 |       6 |   0.0 |   281
               +---------+---------+-------+---------+---------+-------+---------
